 Dungeon Crawl Stone Soup version 0.29.0-4-gdea44cf6ec (webtiles) character file.

Game seed: 3253037310513046072

3997 qw the Grappler (level 10, -1/96 HPs)
             Began as a Troll Cinder Acolyte on Sept 1, 2022.
             Was an Elder of Ignis.
             Slain by a gnoll
             ... wielding a +0 spear
             ... led by a gnoll sergeant
              (5 damage)
             ... on level 7 of the Dungeon.
             The game lasted 00:03:47 (5342 turns).

qw the Grappler (Troll Cinder Acolyte)              Turns: 5342, Time: 00:03:47

Health: -1/96      AC: 14    Str: 28    XL:     10   Next: 3%
Magic:  10/10      EV:  9    Int: 10    God:    Ignis [****..]
Gold:   391        SH:  5    Dex:  5    Spells: 11/11 levels left

rFire   + + .      SeeInvis .     - Unarmed
rCold   . . .      Faith    .   (no shield)
rNeg    . . .      Spirit   .   a - +0 robe
rPois   .          Reflect  +   (helmet restricted)
rElec   .          Harm     .   l - +2 cloak
rCorr   .          Rampage  .   (gloves unavailable)
Will    .....                   (boots unavailable)
Stlth   +.........              f - amulet of reflection
HPRegen 1.06/turn               e - ring of protection from fire
MPRegen 0.12/turn               (no ring)

@: lethally poisoned (-1 -> -2), fiery-armoured
A: large, unfitting armour, claws 3, regeneration 1, shaggy fur 1, tough skin 1
a: Renounce Religion, Fiery Armour, Foxfire Swarm, Rising Flame


You were on level 7 of the Dungeon.
You worshipped Ignis.
Ignis was greatly pleased with you.
You visited 1 branch of the dungeon, and saw 7 of its levels.
You also visited: Sewer.

You collected 391 gold pieces.


Innate Abilities, Weirdness & Mutations

You are too large for most types of armour.
You have claws for hands.
Your natural rate of healing is unusually fast.
You are covered in fur. (AC +1)
You have tough skin. (AC +1)


   Skills:
 - Level 5.1 Fighting
 + Level 0.0 Armour
 - Level 1.8 Dodging
 - Level 13.4 Unarmed Combat
 - Level 1.0 Spellcasting
 - Level 2.1 Fire Magic


You had 11 spell levels left.
You didn't know any spells.
Your spell library contained the following spells:

 Spells                   Type           Power      Damage    Failure   Level
 Scorch                   Fire           8%         2d5       22%         2

Inventory:

Armour
 a - a +0 robe (worn)
 l - a +2 cloak (worn)
Jewellery
 d - a +4 ring of protection
 e - a ring of protection from fire (left claw)
 f - an amulet of reflection (around neck)
Scrolls
 c - 2 scrolls of enchant weapon
 i - 3 scrolls of identify
Potions
 b - 2 potions of curing
 g - a potion of mutation
 h - 6 potions of cancellation
 m - 2 potions of might
 n - a potion of resistance

Dungeon Overview and Level Annotations

Branches:
Dungeon (7/15)             Temple (0/1) D:5           Sewer (visited)

Altars:
Ashenzari
Hepliaklqana
Kikubaaqudgha
Nemelex Xobeh
Ru
Vehumet
Yredelemnul


Message History

The two-headed ogre hits you with a +0 giant club!!
The two-headed ogre hits you with a +0 great mace.
5336 ||| INVOKING Fiery Armour.
A protective cloak of flame settles atop you.
A gnoll comes into view. It is wielding a +0 flail.
The two-headed ogre hits you with a +0 giant club.
The two-headed ogre is burned by your cloak of flames.
The two-headed ogre is heavily wounded.
The two-headed ogre hits you with a +0 great mace!!
The two-headed ogre is burned by your cloak of flames.
The two-headed ogre is severely wounded.
You claw the two-headed ogre!
The two-headed ogre is almost dead.
The gnoll hits you but does no damage. The gnoll sergeant closely misses you.
You claw the two-headed ogre!
You kill the two-headed ogre!
The gnoll closely misses you.
The gnoll sergeant hits you from afar with a +2 trident of venom.
You are poisoned.
Your Unarmed Combat skill increases to level 13!
You have reached level 10!
Found a lumpy brown potion.
You feel very sick.
A gnoll comes into view. It is wielding a +0 club.
You block the gnoll's attack.
The gnoll sergeant hits you with a +2 trident of venom.
The gnoll shouts!
You claw the gnoll sergeant!
The gnoll sergeant is severely wounded.
You feel sick.
You hear a shout!
You closely miss the gnoll sergeant.
The gnoll sergeant is severely wounded.
You feel sick.
A gnoll comes into view. It is wielding a +0 club.
You block the gnoll sergeant's attack.
You scratch the gnoll sergeant but do no damage.
The gnoll sergeant is heavily wounded.
You feel sick. The gnoll hits you with a +0 spear.
You die...

................>##
..................#
..................#
###..'#######'....##
.....#.. #...#.....##
.....#...#...#.....<##
...#.#
......##.)....#.. ...#
# #._.## #.).......
....# ..... ##@g......
##...#...# #..gg......
.....#... #.##.......
..##.'# +. g####..
....... . .. . .....
.. ..g ...## .. ##.
.!. ..


You could see a gnoll sergeant and 4 gnolls.

Vanquished Creatures
  A two-headed ogre (D:7)
  Pikel (D:4)
  A gargoyle (D:7)
  A troll (D:7)
  Sigmund (D:2)
  A yak (D:6)
  2 vampire mosquitoes (D:6)
  Edmund (D:4)
  2 ice beasts
  2 centaurs
  2 ogres (D:4)
  A lemure (D:4)
  2 phantoms
  A kobold brigand (Sewer)
  A gnoll sergeant (D:6)
  A scorpion (D:6)
  2 bullfrogs (D:6)
  2 necrophages (D:7)
  4 howler monkeys
  3 hounds
  3 jellies
  2 orc priests (D:5)
  4 iguanas
  An orc wizard (D:4)
  2 river rats
  8 adders
  A shadow imp (D:6)
  3 dart slugs
  2 worms (Sewer)
  14 orcs
  10 endoplasms
  6 giant cockroaches
  11 goblins
  12 hobgoblins
  2 jackals (D:3)
  8 quokkas
  A ball python (D:3)
  5 bats
  A frilled lizard (D:1)
  14 kobolds
  8 rats
150 creatures vanquished.

Notes
Turn   | Place    | Note
-------+----------+-------------------------------------------
     0 | D:1      | qw the Troll Cinder Acolyte began the quest for the Orb.
     0 | D:1      | Reached XP level 1. HP: 22/22 MP: 1/1
     0 | D:1      | 0 ||| qw: Version: 0.1-a-97-g2dd2ca4
     0 | D:1      | 0 ||| qw: Game counter: 4724
     0 | D:1      | 0 ||| qw: Always use a shield: true
     0 | D:1      | 0 ||| qw: God list: Okawaru
     0 | D:1      | 0 ||| qw: Allow faded altars: false
     0 | D:1      | 0 ||| qw: Do Orc after D:15 true
     0 | D:1      | 0 ||| qw: Do second Lair branch before Depths: true
     0 | D:1      | 0 ||| qw: Lair rune preference: random
     0 | D:1      | 0 ||| qw: Plans: Normal
     0 | D:1      | 0 ||| PLANNING D:1-11
     2 | D:1      | Noticed a demigod
     4 | D:1      | Noticed a palentonga
     4 | D:1      | Noticed a meteoran
     6 | D:1      | Noticed an octopode
     6 | D:1      | Noticed a spriggan
     8 | D:1      | Noticed a naga
    11 | D:1      | Noticed a vampire
    11 | D:1      | Noticed an elf
    13 | D:1      | Noticed an ogre
    13 | D:1      | Noticed a ghoul
    15 | D:1      | Noticed a formicid
    15 | D:1      | Noticed a felid
    17 | D:1      | Noticed a tengu
    19 | D:1      | Noticed a minotaur
    19 | D:1      | Noticed a vine stalker
    21 | D:1      | Noticed a troll
    21 | D:1      | Noticed a gargoyle
    24 | D:1      | Noticed a draconian
    24 | D:1      | Noticed a merfolk
    26 | D:1      | Noticed a demonspawn
    26 | D:1      | Noticed a vine stalker
    28 | D:1      | Noticed a spriggan
   191 | D:1      | Reached XP level 2. HP: 28/29 MP: 2/2
   305 | D:1      | 305 ||| Stepping ~*~*~tactically~*~*~ (stealth).
   306 | D:1      | 306 ||| Stepping ~*~*~tactically~*~*~ (stealth).
   312 | D:1      | 312 ||| Stepping ~*~*~tactically~*~*~ (outnumbered).
   323 | D:1      | Reached skill level 4 in Unarmed Combat
   419 | D:1      | 419 ||| Stepping ~*~*~tactically~*~*~ (stealth).
   432 | D:1      | Reached XP level 3. HP: 36/36 MP: 3/3
   633 | D:1      | 633 ||| UPGRADING to amulet of reflection.
   638 | D:1      | 638 ||| READING scroll labelled UJOSSOSUYSK.
   639 | D:1      | 639 ||| READING 3 scrolls labelled INOSOVO YDA SYM.
   640 | D:1      | 640 ||| READING scroll labelled GIROCVEDAWAU.
   641 | D:1      | 641 ||| READING 2 scrolls of identify.
   641 | D:1      | 641 ||| IDENTIFYING red potion
   642 | D:1      | 642 ||| DROPPING potion of invisibility.
   702 | D:2      | 702 ||| Stepping ~*~*~tactically~*~*~ (stealth).
   809 | D:2      | Found a faded altar of an unknown god.
   818 | D:2      | 818 ||| Stepping ~*~*~tactically~*~*~ (stealth).
   967 | D:2      | Noticed Sigmund
   968 | D:2      | 968 ||| Stepping ~*~*~tactically~*~*~ (stealth).
   969 | D:2      | 969 ||| Stepping ~*~*~tactically~*~*~ (hiding).
   980 | D:2      | Killed Sigmund
   981 | D:2      | Reached skill level 6 in Unarmed Combat
   981 | D:2      | Reached XP level 4. HP: 37/44 MP: 4/4
   981 | D:2      | Reached XP level 5. HP: 42/50 MP: 5/5
   986 | D:2      | 986 ||| Stepping ~*~*~tactically~*~*~ (stealth).
  1176 | D:2      | 1176 ||| Stepping ~*~*~tactically~*~*~ (hiding).
  1304 | D:2      | 1304 ||| Stepping ~*~*~tactically~*~*~ (hiding).
  1610 | D:2      | 1610 ||| DRINKING 2 clear potions.
  1611 | D:2      | 1611 ||| READING 3 scrolls of identify.
  1611 | D:2      | 1611 ||| IDENTIFYING gluggy clear potion
  1612 | D:2      | 1612 ||| READING 2 scrolls of identify.
  1612 | D:2      | 1612 ||| IDENTIFYING fizzy cyan potion
  1613 | D:2      | 1613 ||| DROPPING potion of flight.
  1645 | D:3      | 1645 ||| STAIRDANCE
  1714 | D:3      | 1714 ||| Stepping ~*~*~tactically~*~*~ (stealth).
  1719 | D:3      | 1719 ||| Stepping ~*~*~tactically~*~*~ (stealth).
  1720 | D:3      | 1720 ||| Stepping ~*~*~tactically~*~*~ (stealth).
  1772 | D:3      | Found an ancient bone altar of Kikubaaqudgha.
  2125 | D:3      | 2125 ||| UPGRADING to ring of protection from fire.
  2126 | D:3      | 2126 ||| READING scroll labelled BALOKHYFES.
  2127 | D:3      | 2127 ||| READING scroll labelled GUCIOC BIOWYMO.
  2128 | D:3      | 2128 ||| READING scroll labelled DITIMO IBACRIM.
  2190 | D:4      | Noticed an ogre
  2199 | D:4      | 2199 ||| INVOKING Fiery Armour.
  2201 | D:4      | Killed an ogre
  2202 | D:4      | Reached skill level 7 in Unarmed Combat
  2202 | D:4      | Reached XP level 6. HP: 21/59 MP: 6/6
  2259 | D:4      | 2259 ||| Stepping ~*~*~tactically~*~*~ (stealth).
  2270 | D:4      | 2270 ||| Stepping ~*~*~tactically~*~*~ (stealth).
  2406 | D:4      | Reached skill level 8 in Unarmed Combat
  2468 | D:4      | 2468 ||| Stepping ~*~*~tactically~*~*~ (hiding).
  2598 | D:4      | Noticed Pikel
  2610 | D:4      | 2610 ||| INVOKING Fiery Armour.
  2611 | D:4      | Killed Pikel
  2612 | D:4      | Reached XP level 7. HP: 55/72 MP: 7/7
  2613 | D:4      | 2613 ||| FLEEEEING.
  2614 | D:4      | 2614 ||| FLEEEEING.
  2615 | D:4      | 2615 ||| FLEEEEING.
  2616 | D:4      | 2616 ||| FLEEEEING.
  2618 | D:4      | 2618 ||| FLEEEEING.
  2619 | D:4      | 2619 ||| FLEEEEING.
  2620 | D:4      | 2620 ||| FLEEEEING.
  2621 | D:4      | 2621 ||| FLEEEEING.
  2880 | D:4      | Noticed Edmund
  2884 | D:4      | 2884 ||| Stepping ~*~*~tactically~*~*~ (outnumbered).
  2889 | D:4      | 2889 ||| INVOKING Fiery Armour.
  2891 | D:4      | HP: 15/72 [Edmund/+2 dire flail of protection (8)]
  2892 | D:4      | Killed Edmund
  2893 | D:4      | Reached XP level 8. HP: 18/80 MP: 8/8
  3030 | D:4      | 3030 ||| READING scroll labelled VYEL JUYHA.
  3031 | D:4      | 3031 ||| READING 2 scrolls of identify.
  3031 | D:4      | 3031 ||| IDENTIFYING dark potion
  3032 | D:4      | 3032 ||| DROPPING potion of brilliance.
  3050 | D:5      | Entered Level 5 of the Dungeon
  3155 | D:5      | Found a hazy altar of Hepliaklqana.
  3260 | D:5      | Reached skill level 9 in Unarmed Combat
  3318 | D:5      | 3318 ||| Stepping ~*~*~tactically~*~*~ (hiding).
  3328 | D:5      | 3328 ||| Stepping ~*~*~tactically~*~*~ (stealth).
  3336 | D:5      | Reached skill level 1 in Dodging
  3404 | D:5      | 3404 ||| Stepping ~*~*~tactically~*~*~ (stealth).
  3409 | D:5      | 3409 ||| Stepping ~*~*~tactically~*~*~ (hiding).
  3481 | D:5      | Found a staircase to the Ecumenical Temple.
  3613 | D:5      | 3613 ||| READING scroll labelled XATENI ABAJAP.
  3614 | D:5      | 3614 ||| READING scroll labelled XIADERCH LUHOE.
  3617 | D:5      | 3617 ||| READING scroll labelled TOF NACWUSTOMI.
  3618 | D:5      | 3618 ||| READING 4 scrolls of identify.
  3618 | D:5      | 3618 ||| IDENTIFYING glowing grey potion
  3619 | D:5      | 3619 ||| READING 3 scrolls of identify.
  3619 | D:5      | 3619 ||| IDENTIFYING cyan potion
  3620 | D:5      | 3620 ||| DROPPING potion of degeneration.
  3647 | D:6      | 3647 ||| PLANNING SEWER
  3668 | D:6      | 3668 ||| Stepping ~*~*~tactically~*~*~ (hiding).
  3714 | D:6      | Found a radiant altar of Vehumet.
  3923 | D:6      | Found a sparkling altar of Nemelex Xobeh.
  3926 | D:6      | Found a basalt altar of Yredelemnul.
  4056 | D:6      | 4056 ||| Stepping ~*~*~tactically~*~*~ (stealth).
  4066 | D:6      | Reached skill level 10 in Unarmed Combat
  4076 | D:6      | 4076 ||| Stepping ~*~*~tactically~*~*~ (stealth).
  4088 | D:6      | 4088 ||| Stepping ~*~*~tactically~*~*~ (stealth).
  4100 | D:6      | 4100 ||| Stepping ~*~*~tactically~*~*~ (stealth).
  4101 | D:6      | 4101 ||| Stepping ~*~*~tactically~*~*~ (stealth).
  4102 | D:6      | 4102 ||| Stepping ~*~*~tactically~*~*~ (stealth).
  4128 | D:6      | Found a glowing drain.
  4129 | D:6      | 4129 ||| DROPPING amulet of magic regeneration.
  4130 | D:6      | 4130 ||| READING scroll labelled UKLEIDD VENWIU.
  4131 | D:6      | 4131 ||| READING 2 scrolls of identify.
  4131 | D:6      | 4131 ||| IDENTIFYING blue potion
  4132 | D:6      | 4132 ||| DROPPING potion of lignification.
  4141 | Sewer    | Entered a sewer
  4225 | Sewer    | 4225 ||| Stepping ~*~*~tactically~*~*~ (stealth).
  4439 | Sewer    | 4439 ||| READING 3 scrolls of identify.
  4439 | Sewer    | 4439 ||| IDENTIFYING smoky clear potion
  4477 | D:6      | 4477 ||| PLANNING D:1-11
  4562 | D:6      | Reached XP level 9. HP: 78/88 MP: 9/9
  4632 | D:6      | Reached skill level 11 in Unarmed Combat
  4845 | D:6      | 4845 ||| UPGRADING to +0 cloak.
  4850 | D:6      | 4850 ||| READING 2 scrolls of enchant armour.
  4850 | D:6      | 4850 ||| ENCHANTING +0 cloak.
  4851 | D:6      | 4851 ||| READING scroll of enchant armour.
  4851 | D:6      | 4851 ||| ENCHANTING +1 cloak.
  4852 | D:6      | 4852 ||| READING scroll labelled AFECABO OSTIMU.
  4890 | D:7      | 4890 ||| STAIRDANCE
  4913 | D:7      | 4913 ||| Stepping ~*~*~tactically~*~*~ (stealth).
  4935 | D:7      | 4935 ||| INVOKING Fiery Armour.
  4971 | D:7      | 4971 ||| FLEEEEING.
  5004 | D:7      | 5004 ||| Stepping ~*~*~tactically~*~*~ (stealth).
  5013 | D:7      | 5013 ||| Stepping ~*~*~tactically~*~*~ (stealth).
  5015 | D:7      | Reached skill level 12 in Unarmed Combat
  5020 | D:7      | 5020 ||| Stepping ~*~*~tactically~*~*~ (stealth).
  5062 | D:7      | Noticed a troll
  5066 | D:7      | Killed a troll
  5096 | D:7      | Noticed a gargoyle
  5097 | D:7      | 5097 ||| READING scroll of teleportation.
  5147 | D:7      | Found a broken altar of Ashenzari.
  5283 | D:7      | Found a sacrificial altar of Ru.
  5288 | D:7      | Killed a gargoyle
  5322 | D:7      | 5322 ||| Stepping ~*~*~tactically~*~*~ (stealth).
  5323 | D:7      | Noticed a two-headed ogre
  5336 | D:7      | 5336 ||| INVOKING Fiery Armour.
  5336 | D:7      | HP: 13/88 [two-headed ogre/+0 giant club (22)]
  5338 | D:7      | Killed a two-headed ogre
  5339 | D:7      | Reached skill level 13 in Unarmed Combat
  5339 | D:7      | Reached XP level 10. HP: 13/96 MP: 10/10
  5340 | D:7      | HP: 5/96 [poisoned by a gnoll sergeant]
  5342 | D:7      | Slain by a gnoll

Levels and vault maps discovered:
D:1:      kb_arrival_jail, layout_basic, lemuel_another_geyser
D:2:      layout_loops_ring, hellmonk_ecumenical_altar_blasted, st_stairs_9,
          glass_columns_b, uniq_sigmund
D:3:      layout_rooms, lemuel_round_altar
D:4:      layout_basic, uniq_pikel, uniq_edmund
D:5:      layout_cave_pools, mainiacjoe_overflow_tiny_flanked,
          minmay_temple_entry_mist
D:6:      minmay_chambers_of_sixes, layout_basic,
          mainiacjoe_overflow_concentric_impassable, grunt_temple_overflow_open,
          portal_sewer_entry_b, minivault_10
D:7:      layout_cave_pools, nicolae_ru_great_annihilating_truth,
          mainiacjoe_overflow_24_doors, kb_rosetta

Skill      XL: |  1  2  3  4  5  6  7  8  9 |
---------------+----------------------------+-----
Unarmed Combat | 4 6 7 8 10 13 | 13.4
Fighting       | 5 |  5.1
Dodging        | 1 |  1.8
Spellcasting   | |  1.0
Fire Magic     | |  2.1

Action                   |  1- 3 |  4- 6 |  7- 9 | 10-12 || total
-------------------------+-------+-------+-------+-------++-------
Melee: Unarmed           |   120 |    84 |   199 |     3 ||   406
       Punch             |       |     4 |     5 |       ||     9
Throw: Boomerang         |    11 |       |       |       ||    11
Invok: Fiery Armour      |       |     2 |     3 |       ||     5
  Use: Scroll            |     4 |     5 |    14 |       ||    23
       Potion            |       |     1 |       |       ||     1
Armor: Robe              |    26 |    15 |    36 |       ||    77
Dodge: Dodged            |    37 |    19 |    50 |       ||   106
Block: Other             |     8 |     7 |    16 |     2 ||    33
       Reflection        |       |       |     2 |       ||     2

Table legend:
 A = Non-vault XP
 B = Vault XP
 C = Vault XP percentage of total XP
 D = Non-vault monster count
 E = Vault monster count
 F = Vault count percentage of total count
                 A         B        C        D         E       F
            +---------+---------+-------+---------+---------+-------
      Total |    2193 |    3517 |  61.6 |     110 |      39 |  26.2
            +---------+---------+-------+---------+---------+-------
        D:1 |      43 |       0 |   0.0 |      25 |       0 |   0.0
        D:2 |      63 |     229 |  78.4 |      20 |       3 |  13.0
        D:3 |      14 |       0 |   0.0 |       9 |       0 |   0.0
        D:4 |     526 |     834 |  61.3 |      22 |       2 |   8.3
        D:5 |     403 |       0 |   0.0 |      10 |       0 |   0.0
        D:6 |     661 |     736 |  52.7 |      10 |      10 |  50.0
        D:7 |     483 |    1583 |  76.6 |      14 |       5 |  26.3
      Sewer |       0 |     135 | 100.0 |       0 |      19 | 100.0
            +---------+---------+-------+---------+---------+-------
